Description

This is the same build order as the one made by PiG, but I adjusted it to not include probes since the spawning tool advisor program doesn't seem to have a "hide probes" option

  • This is a nice opening to apply pressure and keep your opponent honest. It allows a good chance to work on the tightness of your opening and stalker micro.
  • You should scout the map for proxies so you can either destroy the proxy or push into their main before they get anything out of the proxy.

Build

  • Standard 2-gate opening
  • 2 chronos on first 2 stalkers
  • 3rd pylon immediately after you start those stalkers (Place reinforcing the 2-gates pylon + providing lowground power for shield batteries to help defend natural if needed
  • Next chrono goes into WG
  • Build 6 stalkers continuously
  • cut probes @25/26 total
  • Drop a nexus @400 minerals, proxy pylon immediately after nexus starts
  • warp in 7th/8th stalker at proxy and go.
  • Robo + twilight
  • Resume Probing

Build Order

Get SALT Encoding   

  14  0:17  Pylon  
  15  0:37  Gateway  Chrono Nexus
  16  0:48  Assimilator  
  17  0:55  Assimilator  gas = 2-1 probes
  19  1:13  Gateway  
  20  1:24  Cybernetics Core  gas = 2-2 probes
  21  1:35  Pylon  
  22  1:54  Stalker x2  
  23  1:56  Warp Gate  Chrono Gateways x2 & Stop Probing
  23  2:04  Pylon  Send to enemy (for later proxy)
  28  2:26  Stalker x2  
  33  2:56  Stalker x2  Chrono Cyber Core
  37  3:14  Nexus  
  37  3:26  Pylon  Proxy at enemy
  37  3:47  Robotics Facility  
  37  3:52  Stalker x2  Warp in
  41  3:58  Pylon  
  42  4:05  Twilight Council  Chrono Nexus + Resume Probing
  40  4:22  Adept x2  
  45  5:15  Forge  
Spawning Tool Build Advisor. Get it on Overwolf

Analysis

  • You should be constantly poking and asserting map control/dominance with stalkers as well as looking for proxies with your probe and stalkers if you're not sure what they're doing
  • It's very situational how much you should commit - take any fights that favour you and hunt down any adepts on the map your have many power points where each time another 2 stalkers arrive you potentially can take a good fight

Go to:

Details

  • Created by: NightRaven123
  • Published on: Apr 09, 2020
  • Modified on: Apr 09, 2020
  • Patch: 4.11.0
Show
View Real Time Build Order
Export as new Build Order

Comments (0)

There are no comments. Be the first!

Create an account to comment!